 Dungeon Crawl Stone Soup version 0.16.1-4-g8e1b745 (webtiles) character file.

5125 inmateoo the Destroyer (level 10, -4/56 HPs)
             Began as a Deep Elf Conjurer on Mar 27, 2015.
             Was a Priest of Vehumet.
             Killed by divine providence
             ... invoked by an orc priest
              (11 damage)
             ... on level 9 of the Dungeon.
             The game lasted 00:23:34 (9676 turns).

inmateoo the Destroyer (Deep Elf Conjurer)          Turns: 9676, Time: 00:23:34

Health: -4/56      AC:  8    Str:  7    XL:     10   Next: 32%
Magic:  15/30      EV: 17    Int: 24    God:    Vehumet [***...]
Gold:   407        SH:  0    Dex: 15    Spells: 4 memorised, 17 levels left

rFire  + . .     SeeInvis .     M - +5 spear "Xifogaq" {freeze, rF+ Stlth+}
rCold  . . .     Clarity  .     x - +1 robe {MR+}
rNeg   + . .     SustAb   .     (no shield)
rPois  .         Gourm    .     (helmet restricted)
rElec  .         Spirit   .     u - +0 cloak
rCorr  .         Warding  .     o - +2 pair of gloves
rMut   .         Stasis   .     (no boots)
MR     +++..                    (no amulet)
Stlth  +++++.....               y - +1 ring of protection
                                j - ring of positive energy

@: extremely resistant to hostile enchantments, quite stealthy
A: antennae 1, magic resistance 1, strong 1
a: Renounce Religion


You were on level 9 of the Dungeon.
You worshipped Vehumet.
Vehumet was most pleased with you.
You were hungry.

You visited 2 branches of the dungeon, and saw 10 of its levels.
You also visited: Bailey.

You collected 543 gold pieces.
You spent 136 gold pieces at shops.

Inventory:

Hand weapons
 a - a +1 long sword of holy wrath
 M - the +5 spear "Xifogaq" (weapon) {freeze, rF+ Stlth+}
   (You bought it in a shop on level 8 of the Dungeon)

   It has been specially enchanted to freeze those struck by it, causing extra
   injury to most foes and up to half again as much damage against particularly
   susceptible opponents.
   It can also slow down cold-blooded creatures.
   It protects you from fire.
   It makes you more stealthy.
Armour
 o - a +2 pair of gloves (worn)
 u - a +0 cloak (worn)
 x - a +1 robe of magic resistance (worn)
Jewellery
 j - a ring of positive energy (left hand)
 y - a +1 ring of protection (right hand)
Magical devices
 d - a wand of digging (8)
 p - a wand of confusion (34)
 s - a wand of flame (30)
 B - a wand of paralysis (11)
 G - a wand of lightning (0)
 H - a wand of fire (12)
 L - a wand of random effects (29)
Scrolls
 k - a scroll of magic mapping
 l - a scroll of fog
 w - a scroll of teleportation
 A - 3 scrolls of remove curse
Potions
 e - 5 potions of curing
 g - a potion of brilliance
 m - 2 potions of might
 q - a potion of lignification
 r - a potion of agility {unknown}
 t - a potion of restore abilities {unknown}
 v - a potion of magic
 z - 2 potions of haste
 D - a potion of invisibility {unknown}
 F - a potion of heal wounds {unknown}
 K - a potion of cure mutation
Books
 c - a book of Conjurations

   Spells                             Type                      Level
   a - Magic Dart                     Conjuration                  1
   b - Searing Ray                    Conjuration                  2
   c - Dazzling Spray                 Conjuration/Hexes            3
   d - Fulminant Prism                Conjuration/Hexes            4
   e - Iskenderun's Mystic Blast      Conjuration                  4
   f - Iskenderun's Battlesphere      Conjuration/Charms           5
 I - a book of Ice

   Spells                             Type                      Level
   a - Ice Form                       Ice/Transmutation            4
   b - Metabolic Englaciation         Hexes/Ice                    5
   c - Ozocubu's Refrigeration        Ice                          6
   d - Bolt of Cold                   Conjuration/Ice              6
   e - Freezing Cloud                 Conjuration/Ice/Air          6
   f - Simulacrum                     Ice/Necromancy               6
Miscellaneous
 h - a box of beasts
Comestibles
 b - 6 bread rations
 f - 2 beef jerkies
 i - 5 meat rations
 n - 22 fruits
 C - a slice of pizza
 E - a royal jelly


   Skills:
 + Level 3.0 Fighting
 + Level 8.4 Dodging
 + Level 9.0 Stealth
 + Level 9.1 Spellcasting
 * Level 11.0 Conjurations


You had 17 spell levels left.
You knew the following spells:

 Your Spells              Type           Power        Failure   Level  Hunger
a - Magic Dart            Conj           ####         1%          1    None
b - Searing Ray           Conj           ######       1%          2    None
c - Dazzling Spray        Conj/Hex       #####...     1%          3    None
d - Iskenderun's Mystic   Conj           ######..     1%          4    ##.....


Dungeon Overview and Level Annotations

Branches:
Dungeon (9/15)             Temple (1/1) D:5
   Lair: D:8-11         Orc: D:9-12

Altars:
Ashenzari
Dithmenos
Gozag
Kikubaaqudgha
Okawaru
Sif Muna
Trog
Vehumet
Xom
Yredelemnul
Zin

Shops:
D:4 (   D:8 [((}%


Innate Abilities, Weirdness & Mutations

You have a pair of small antennae on your head.
You are resistant to hostile enchantments.
Your muscles are strong. (Str +2)


Message History

Press: ? - help, Shift-Dir - straight line, f - orc priest
Aim: an orc priest, wielding a falchion and wearing a ring mail The orb of energy hits the orc.
You kill the orc!
Vehumet accepts your kill.
The orc priest invokes the aid of Beogh against you.
Something smites you!
* * * LOW HITPOINT WARNING * * *
Unknown command.
Unknown command.
Unknown command.
The orc priest mumbles some strange prayers to Beogh against you.
Something smites you!
* * * LOW HITPOINT WARNING * * *
Read which item? (? for menu, Esc to quit)
As you read the scroll of fog, it crumbles to dust.
The scroll dissolves into smoke.
The orc priest invokes the aid of Beogh against you.
Something smites you!
You die...

##..## #..#..............
#...## ##..#..............
##...####....†..####.......
##...##.......## ###.....
## ##.......##..## ###...
.. ##......###..## ###. ..#
###........###..### #.
#..#####.......§§##
#....#### #.
#..#....#....§§@##
#.......####.
#...####.....§§§#
#..##........ ##.###
#......o.# ##.####......
##..## ##.).###oo ###
###.... .....# #..## #.oo
##..# ##....# #..#


#ooo. ##.## ##.#...# ... ..o... #<..# #.###..# ....... #.(.# ##.# #.. #.....
###.( You could see an orc warrior, 3 orc priests and 5 orcs.

Vanquished Creatures
  An orc knight (Bailey)
  Edmund (D:4)
  A wasp (D:9)
  6 orc warriors
  3 sky beasts
  3 ice beasts
  An ogre (D:8)
  A phantom (D:8)
  5 centaurs
  A big kobold (D:8)
  8 giant frogs
  Blork the orc (D:4)
  A scorpion (D:9)
  10 killer bees (D:8)
  8 wights
  2 goliath beetles
  2 crimson imps (D:7)
  3 giant frog zombies
  2 giant frog skeletons (D:5)
  A centaur zombie (D:9)
  Crazy Yiuf (D:3)
  2 centaur skeletons
  3 hounds
  3 jellies
  2 orc priests
  4 orc wizards
  6 worker ants
  Ijyb (D:3)
  Jessica (D:3)
  A hound zombie (D:3)
  5 gnolls
  7 adders
  A shadow imp (D:9)
  2 giant mites
  3 worms
  2 giant geckos
  3 oozes
  22 orcs
  6 ball pythons
  4 giant cockroaches
  23 goblins
  15 hobgoblins
  7 jackals
  24 kobolds
  3 quokkas
  16 bats
  A giant gecko zombie (D:7)
  4 giant newts
  A quokka zombie (D:6)
  11 rats
245 creatures vanquished.

Notes
Turn   | Place    | Note
--------------------------------------------------------------
     0 | D:1      | inmateoo, the Deep Elf Conjurer, began the quest for the Orb.
     0 | D:1      | Reached XP level 1. HP: 10/10 MP: 5/5
   248 | D:1      | Reached XP level 2. HP: 15/15 MP: 3/8
   252 | D:1      | Learned a level 2 spell: Searing Ray
   905 | D:2      | Reached XP level 3. HP: 19/19 MP: 8/11
  1425 | D:3      | Noticed Ijyb
  1430 | D:3      | Killed Ijyb
  1519 | D:3      | Reached skill level 5 in Conjurations
  1538 | D:3      | Learned a level 3 spell: Dazzling Spray
  1563 | D:3      | Reached XP level 4. HP: 24/24 MP: 6/15
  1780 | D:3      | Noticed Crazy Yiuf
  1785 | D:3      | Killed Crazy Yiuf
  2131 | D:3      | Reached XP level 5. HP: 26/28 MP: 15/18
  2342 | D:4      | Found Esua's Antique Weapon Shoppe.
  2621 | D:4      | Noticed Blork the orc
  2629 | D:4      | Killed Blork the orc
  2629 | D:4      | Reached skill level 6 in Conjurations
  2629 | D:4      | Reached XP level 6. HP: 32/32 MP: 11/20
  2707 | D:4      | Noticed Edmund
  2717 | D:4      | Killed Edmund
  2717 | D:4      | Reached skill level 5 in Spellcasting
  2732 | D:4      | Learned a level 4 spell: Iskenderun's Mystic Blast
  3244 | D:3      | Found an iron altar of Okawaru.
  3244 | D:3      | Noticed Jessica
  3247 | D:3      | Killed Jessica
  3328 | D:5      | Entered Level 5 of the Dungeon
  3385 | D:5      | Reached XP level 7. HP: 24/36 MP: 22/22
  3723 | D:5      | Reached skill level 5 in Stealth
  3733 | D:5      | Found a staircase to the Ecumenical Temple.
  3773 | Temple   | Entered the Ecumenical Temple
  3790 | Temple   | Became a worshipper of Vehumet
  3880 | D:5      | Reached skill level 7 in Conjurations
  3928 | D:5      | Reached skill level 5 in Dodging
  3934 | D:5      | Gained mutation: You have a pair of small antennae on your head. [mutagenic meat]
  3935 | D:5      | Gained mutation: You are resistant to hostile enchantments. [mutagenic meat]
  4393 | D:6      | Reached XP level 8. HP: 30/41 MP: 18/25
  4442 | D:6      | Reached skill level 8 in Conjurations
  5200 | D:7      | Acquired Vehumet's first power
  5200 | D:7      | Offered knowledge of Freeze by Vehumet.
  5506 | D:7      | Gained mutation: Your muscles are strong. (Str +2) [mutagenic meat]
  5531 | D:7      | Reached skill level 9 in Conjurations
  5774 | D:7      | Found a glowing silver altar of Zin.
  5962 | D:7      | Reached XP level 9. HP: 45/45 MP: 15/28
  6180 | D:7      | Offered knowledge of Sandblast by Vehumet.
  6639 | D:8      | Found a shimmering altar of Xom.
  6671 | D:8      | Reached skill level 1 in Fighting
  6689 | D:8      | Found Twail's Antique Weapon Boutique.
  6697 | D:8      | Bought a pitted spear for 136 gold pieces
  6697 | D:8      | Identified the +5 spear "Xifogaq" {freeze, rF+ Stlth+} (You bought it in a shop on level 8 of the Dungeon)
  6706 | D:8      | Found Laesapni's Armour Shoppe.
  6952 | D:8      | Found Crais' Antique Weapon Emporium.
  7199 | D:8      | Reached skill level 10 in Conjurations
  7274 | D:8      | Found Kluidwou's Food Boutique.
  7448 | D:8      | Found Yzeloriz's Gadget Emporium.
  8293 | D:9      | Offered knowledge of Mephitic Cloud by Vehumet.
  8346 | D:9      | Found a flagged portal.
  8347 | D:9      | Found a bloodstained altar of Trog.
  8414 | Bailey   | Entered a bailey
  8419 | Bailey   | Noticed an orc knight
  8451 | Bailey   | Acquired Vehumet's second power
  8814 | Bailey   | Reached XP level 10. HP: 45/54 MP: 26/30
  8819 | Bailey   | Killed an orc knight
  8819 | Bailey   | Offered knowledge of Static Discharge by Vehumet.
  9514 | D:9      | Reached skill level 11 in Conjurations
  9676 | D:9      | Killed from afar by an orc priest

Action                   |  1- 3 |  4- 6 |  7- 9 | 10-12 || total
-------------------------+-------+-------+-------+-------++-------
Melee: Unarmed           |       |     1 |       |       ||     1
       Long sword        |       |    13 |    69 |       ||    82
       Spear             |       |       |    10 |    12 ||    22
 Cast: Magic Dart        |    87 |    35 |   191 |    30 ||   343
       Searing Ray       |     1 |    12 |    45 |    12 ||    70
       Dazzling Spray    |       |     5 |     8 |     7 ||    20
       Iskenderun's Myst |       |     2 |    30 |    11 ||    43
Evoke: Wand              |       |       |       |     2 ||     2
  Use: Scroll            |       |       |    18 |     1 ||    19
       Potion            |       |       |     1 |     3 ||     4
 Stab: Sleeping          |       |     1 |     6 |     1 ||     8
  Eat: Chunk             |     2 |     5 |    23 |     2 ||    32
